 Dungeon Sprint DCSS version 0.29-a0-284-gf9362112df (webtiles) character file.

Game seed: 17703974912509951337

28 mhtbhm the Vandal (level 2, -1/26 HPs)
             Began as a Minotaur Hunter on Mar 27, 2022.
             Slain by a human (5 damage)
             ... in the Dungeon (Sprint III: "The Ten Rune Challenge").
             The game lasted 00:00:18 (213 turns).

mhtbhm the Vandal (Minotaur Hunter)                  Turns: 213, Time: 00:00:19

Health: -1/26      AC:  3    Str: 15    XL:     2   Next: 96%
Magic:  1/1        EV: 12    Int:  6    God:
Gold:   7          SH:  0    Dex: 13    Spells: 1/1 levels left

rFire   . . .      SeeInvis .   j - +0 club
rCold   . . .      Faith    .   (no shield)
rNeg    . . .      Spirit   .   b - +0 leather armour
rPois   .          Reflect  .   (helmet restricted)
rElec   .          Harm     .   (no cloak)
rCorr   .          Rampage  .   (no gloves)
Will    .....      NoTele   +   (no boots)
Stlth   +.........              (no amulet)
HPRegen 0.08/turn               (no ring)
MPRegen 0.07/turn               (no ring)

@: no status effects
A: horns 2, retaliatory headbutt
a: no special abilities


You were in the Dungeon.
You visited 1 branch You collected 7 gold pieces.

Inventory:

Hand Weapons
 a - a +1 hunting sling
 j - a +0 club (weapon)
Armour
 b - a +0 leather armour (worn)
Scrolls
 c - a scroll of immolation
 i - a scroll of blinking
Potions
 d - a potion of curing
 e - a potion of heal wounds
 f - a potion of haste
 g - 2 potions of magic
 h - a potion of berserk rage


   Skills:
 + Level 3.0 Fighting
 + Level 7.5 Slings
 + Level 2.6 Dodging
 + Level 0.7 Stealth


You had one spell level left.
You didn't know any spells.
Your spell library was empty.

Dungeon Overview and Level Annotations

Branches:
Dungeon (1/1)

Altars:


Innate Abilities, Weirdness & Mutations

You have a pair of horns on your head.
You reflexively headbutt those who attack you in melee.


Message History

A human comes into view.
You shoot a sling bullet. The sling bullet hits the human.
The human is lightly wounded.
You shoot a sling bullet. The sling bullet hits the human.
The human is lightly wounded.
You shoot a sling bullet. The sling bullet hits the human.
The human is lightly wounded.
The human attacks as you move away! The human hits you!
j - a +0 club (weapon)
You closely miss the human.
The human is lightly wounded.
The human barely misses you. The human hits you.
You barely miss the human. You headbutt the human!
The human is moderately wounded.
The human hits you!
You hit the human.
The human is heavily wounded.
The human barely misses you.
You closely miss the human.
The human is heavily wounded.
The human closely misses you. x2
You closely miss the human.
The human is heavily wounded.
The human hits you.
* * * LOW HITPOINT WARNING * * *
You closely miss the human.
The human is heavily wounded.
The human closely misses you. You furiously retaliate!
You headbutt the human!
You feel better. The human hits you.
You hit the human.
The human is severely wounded.
The human hits you but does no damage.
You hit the human but do no damage. You headbutt the human!
The human is almost dead.
The human barely misses you. The human hits you!
* * * LOW HITPOINT WARNING * * *
You completely miss the human.
The human is almost dead.
The human hits you.
You die...

▓<..#...####
▓...#......##
▓..##..[....#
▓##.##.##...# .#
##.##.###..# ..#
▓#.####.##..# ...+
▓.###†.##..##
#...# ▓#.....##..#
#....#
###..##..@##.....#
##..##...p#......#
#..###..##.# #..#
#..#### ▓▓▓▓ ▓▓▓▓


You could see a human.

Vanquished Creatures
  Jessica (D)
  3 rats (D)
4 creatures vanquished.

Notes
Turn   | Place    | Note
-------+----------+-------------------------------------------
     0 | D        | mhtbhm the Minotaur Hunter began the quest for the Orb.
     0 | D        | Reached XP level 1. HP: 18/18 MP: 0/0
    13 | D        | Reached skill level 5 in Slings
    26 | D        | Noticed Jessica
    30 | D        | Killed Jessica
    31 | D        | Reached skill level 7 in Slings
    31 | D        | Reached XP level 2. HP: 26/26 MP: 1/1
   213 | D        | Slain by a human

Illustrated notes

Levels and vault maps discovered:
D:        dungeon_sprint_mu [sprint_mu_entry_cave, sprint_mu_temple_rooms,
          sprint_mu_d1_spiders, sprint_mu_d2_genie, sprint_mu_d3_branching,
          sprint_mu_orc_legion, sprint_mu_elf_gauntlet, sprint_mu_hive_nellie,
          sprint_mu_lair_fedhas, sprint_mu_vaults_butterflies,
          sprint_mu_slime_circle, sprint_mu_swamp_cave, sprint_mu_shoals_kraken,
          sprint_mu_blade_basic, sprint_mu_crypt_fortress,
          sprint_mu_tomb_spiral, sprint_mu_vestibule_basic,
          sprint_mu_gehenna_hellfire, sprint_mu_dis_giant,
          sprint_mu_tartarus_statrot, sprint_mu_cocytus_islands, sprint_mu_zot1]

Skill      XL: |  1 |
---------------+----+-----
Slings         | 7 |  7.5
Fighting       | 3 |  3.0
Dodging        | |  2.6
Stealth        | |  0.7

Action                   || total
-------------------------++-------
Melee: Club              ||     9
       Headbutt          ||     2
 Fire: Hunting sling     ||    12
  Use: Potion            ||     1
Armor: Leather armour    ||     2
Dodge: Dodged            ||     7

Table legend: (Time is in decaauts)
 A = Elapsed time spent in this place.
 B = Non-inter-level travel time spent in this place.
 C = Inter-level travel time spent in this place.
 D = Time resting spent in this place.
 E = Time spent auto-exploring this place.
 F = Levels seen in this place.
 G = Mean time per level.
                   A        B        C        D        E       F      G
               +--------+--------+--------+--------+--------+-----+--------+
         Total |    224 |    224 |      0 |    148 |     29 |   1 |  224.0 |
       Dungeon |    224 |    224 |      0 |    148 |     29 |   1 |  224.0 |
               +--------+--------+--------+--------+--------+-----+--------+

Top non-repeatable levels by time:
       D: 224 daAuts
